Map: Kairos Junction LE

Players

TiPtOP - Winner!

  • Race: Terran Terran
  • League: Silver
  • Spawn Location: 11:00

StickyPants

  • Race: Terran Terran
  • League: Gold
  • Spawn Location: 5:00

VOD

Have the link to the VOD?

Description

Time

  • Played on: Aug. 18, 2019, 2:49 a.m.
  • Length: 24:43
Show
View Real Time Build Order
Export as new Build Order

TiPtOP Terran - Winner!

Build Orders: 2 Factory, Mech 

Get SALT Encoding   

  12  0:01  SCV  
  13  0:13  SCV  
  14  0:19  Supply Depot  
  14  0:25  SCV  
  15  0:41  SCV  
  16  0:44  Barracks  
  16  0:50  Refinery  
  16  0:53  SCV  
  17  1:05  SCV  
  18  1:32  Orbital Command  
  18  1:33  Marine  
  19  1:42  Supply Depot  
  19  1:54  Factory  
  19  2:11  Command Center  
  19  2:28  Barracks Tech Lab  
  19  2:30  SCV  
  20  2:42  SCV  
  21  2:45  Supply Depot  
  21  2:58  SCV  
  22  3:10  SCV  
  22  3:11  Siege Tank  
  22  3:12  Refinery  
  26  3:26  Factory  
  26  3:29  SCV  
  27  3:41  SCV  
  27  3:42  Orbital Command  
  28  3:53  SCV  
  29  4:00  Supply Depot  
  29  4:05  SCV  
  30  4:13  SCV  
  31  4:17  SCV, Factory Reactor  
  32  4:24  Supply Depot  
  32  4:25  SCV, Armory  
  32  4:29  Engineering Bay  
  32  4:30  SCV  
  34  4:37  Siege Tank, SCV  
  38  4:42  SCV  
  39  4:47  Command Center  
  39  4:49  SCV  
  40  4:54  SCV  
  40  4:57  Hellion x2  
  40  4:59  Supply Depot  
  45  5:01  SCV  
  45  5:06  SCV  
  47  5:13  Siege Tank, SCV  
  51  5:18  SCV  
  51  5:21  Hellion x2, Supply Depot  
  56  5:25  SCV  
  57  5:30  SCV  
  58  5:37  Refinery  
  58  5:38  SCV  
  58  5:42  SCV  
  57  5:45  Siege Tank  
  59  5:50  Missile Turret, SCV  
  59  5:54  SCV  
  59  5:55  Missile Turret  
  60  5:59  Missile Turret  
  60  6:02  SCV  
  59  6:12  Factory  
  59  6:17  Thor  
  64  6:37  Missile Turret  
  59  7:02  Missile Turret  
  50  7:27  Factory Reactor  
  47  7:34  Missile Turret  
  47  8:05  Thor  
  55  8:20  Widow Mine  
  55  8:21  Widow Mine  
  55  8:25  Widow Mine  
  59  8:43  Refinery  
  59  8:46  Hi-Sec Auto Tracking  
  65  9:06  Siege Tank  
  62  9:13  Factory  
  62  9:21  SCV  
  62  9:22  SCV  
  64  9:34  SCV x2, Orbital Command  
  66  9:38  Siege Tank  
  66  9:40  Missile Turret  
  66  9:42  Refinery  
  66  9:43  Refinery  
  69  9:46  SCV x2  
  71  9:56  Widow Mine x3  
  71  9:58  SCV x2  
  81  10:00  Hellion  
  81  10:10  Thor  
  81  10:11  Supply Depot  
  87  10:14  Supply Depot  
  87  10:15  Missile Turret  
  87  10:17  Hellion  
  87  10:18  Missile Turret  
  89  10:21  Missile Turret  
  89  10:53  Thor  
  95  11:00  Hellion x3  
  95  11:02  Factory Tech Lab  
  101  11:10  Factory  
  101  11:36  Thor  
  101  11:38  Hellion  
  101  11:39  Hellion x2  
  113  11:42  SCV x3  
  116  11:54  SCV  
  116  11:57  Factory  
  117  12:02  Supply Depot  
  117  12:03  Supply Depot  
  117  12:04  Supply Depot  
  117  12:05  Supply Depot  
  117  12:08  Supply Depot  
  117  12:23  Thor, SCV  
  117  12:24  Supply Depot  
  117  12:25  Supply Depot  
  117  12:26  SCV  
  125  12:31  Factory Tech Lab  
  125  12:37  Supply Depot  
  125  12:38  SCV  
  126  12:49  Factory Tech Lab  
  126  12:50  SCV  
  127  13:01  Supply Depot  
  127  13:02  SCV  
  127  13:03  Supply Depot x2  
  127  13:04  Supply Depot  
  128  13:06  Thor  
  134  13:26  Factory  
  134  13:28  Missile Turret  
  134  13:29  Missile Turret, Thor x3  
  134  13:30  Hellion x3  
  134  13:32  Infernal Pre-Igniter  
  158  13:34  Terran Vehicle Weapons Level 1  
  158  13:39  Armory  
  156  13:49  Thor  
  154  14:48  Cyclone x4  
  150  15:09  Factory Reactor  
  146  15:20  Cyclone, Thor x3  
  167  15:28  Command Center  
  167  15:32  Command Center  
  167  15:33  Command Center  
  167  15:43  Mag-Field Accelerator  
  167  15:47  Hellbat x3  
  167  15:48  Hellbat  
  175  15:50  Terran Vehicle And Ship Armor Level 1  
  175  15:51  Terran Infantry Weapons Level 1  
  175  16:20  Command Center  
  175  16:38  Thor x4  
  196  16:44  Smart Servos  
  196  16:47  Hellbat x2  
  145  18:12  Neosteel Armor  
  143  18:33  Planetary Fortress  
  140  18:36  Orbital Command  
  140  18:39  Refinery  
  140  18:42  SCV x2  
  140  18:43  SCV  
  140  18:45  Planetary Fortress  
  143  18:49  Refinery x2  
  143  18:51  Missile Turret  
  143  18:54  SCV x2  
  143  18:55  SCV  
  128  19:02  Refinery  
  111  19:05  Thor x4  
  111  19:06  SCV  
  111  19:07  SCV  
  128  19:18  Missile Turret  
  117  19:38  Missile Turret  
  104  19:47  Thor  
  104  19:48  Thor x3  
  128  19:53  SCV  
  120  20:06  SCV  
  120  20:18  SCV  
  116  20:30  Thor x2  
  116  20:31  Thor x2  
  136  20:58  Refinery, Planetary Fortress  
  136  21:13  Thor  
  138  21:18  Command Center  
  138  21:24  Refinery  
  138  21:30  Terran Vehicle Weapons Level 2  
  138  21:32  Terran Vehicle And Ship Armor Level 2  
  138  21:33  Thor  
  144  21:53  Thor  
  150  22:01  SCV  
  151  22:13  SCV  
  152  22:25  SCV  
  140  23:27  Hellion x3, Thor  
  140  23:28  Thor  
Show
View Real Time Build Order
Export as new Build Order

StickyPants Terran 

Build Orders:  

Get SALT Encoding   

  12  0:02  SCV  
  13  0:15  SCV  
  13  0:20  Supply Depot  
  14  0:27  Refinery  
  14  0:30  SCV  
  15  0:42  SCV  
  16  0:50  Barracks  
  16  0:54  SCV  
  17  1:06  SCV  
  18  1:13  Supply Depot  
  18  1:45  Marine, Supply Depot  
  19  1:55  Factory  
  18  2:27  Command Center  
  18  2:35  Refinery, Barracks Tech Lab  
  18  2:36  SCV  
  19  2:52  SCV  
  20  3:04  SCV  
  21  3:06  Siege Tank  
  24  3:16  Engineering Bay, SCV  
  25  3:25  Barracks Tech Lab  
  25  3:26  Starport  
  25  3:29  SCV  
  26  3:39  Supply Depot  
  26  3:41  SCV  
  28  3:55  Missile Turret  
  28  3:57  Missile Turret  
  28  4:01  SCV  
  28  4:02  SCV  
  29  4:03  Liberator  
  32  4:47  Orbital Command  
  32  4:49  SCV  
  33  4:55  Missile Turret  
  33  4:56  Missile Turret  
  33  5:00  Missile Turret  
  33  5:01  SCV  
  33  5:03  Siege Tank  
  37  5:13  SCV  
  38  5:16  SCV  
  38  5:20  Missile Turret  
  39  5:25  SCV  
  40  5:30  SCV  
  41  5:38  SCV  
  41  5:42  SCV  
  43  5:49  Refinery  
  43  5:50  SCV  
  43  5:53  Refinery  
  43  5:54  SCV  
  45  5:57  Starport  
  45  6:02  SCV, Starport  
  45  6:03  Fusion Core  
  46  6:06  SCV  
  47  6:17  Planetary Fortress  
  47  6:23  Missile Turret  
  47  7:03  Battlecruiser  
  47  7:05  Starport Tech Lab  
  47  7:07  Starport Tech Lab  
  53  8:10  Command Center  
  53  8:15  Weapon Refit, Supply Depot  
  53  8:18  Supply Depot x2  
  53  8:19  Supply Depot  
  53  8:24  Armory  
  53  8:37  Battlecruiser  
  59  8:47  Armory  
  59  8:57  Battlecruiser  
  59  9:00  Battlecruiser  
  71  9:05  SCV  
  71  9:06  SCV  
  73  9:15  Supply Depot  
  73  9:17  Terran Ship Weapons Level 1  
  73  9:18  SCV x2  
  75  9:28  SCV  
  75  9:30  SCV x2  
  78  9:40  SCV  
  78  9:42  SCV  
  80  10:19  Terran Vehicle And Ship Armor Level 1, Starport  
  80  10:26  Starport  
  81  10:28  SCV x2  
  81  10:29  SCV  
  83  10:40  SCV x2  
  83  10:41  SCV  
  86  10:43  Refinery  
  92  10:50  Refinery, Liberator  
  86  10:52  SCV  
  86  10:53  SCV x2  
  86  10:54  Sensor Tower  
  89  11:00  Sensor Tower  
  89  11:04  Raven  
  89  11:05  Viking  
  96  11:12  Sensor Tower  
  96  11:13  SCV x3  
  99  11:25  SCV x3  
  102  11:35  Raven, Command Center  
  102  11:37  SCV x2  
  106  11:47  Refinery, Banshee  
  106  11:49  Refinery  
  106  11:53  Supply Depot  
  106  11:54  Supply Depot x2  
  109  11:56  Supply Depot  
  109  11:57  Supply Depot  
  109  12:15  SCV x3  
  112  12:20  Liberator  
  112  12:27  SCV x3  
  115  12:37  Viking  
  115  12:38  Raven  
  115  12:39  SCV  
  115  12:42  Starport Tech Lab  
  115  12:43  Starport Tech Lab  
  123  13:06  Liberator  
  123  13:07  Battlecruiser  
  129  13:21  Viking  
  129  13:22  Battlecruiser  
  129  13:23  Raven  
  133  14:54  Liberator  
  133  15:11  Viking  
  133  15:12  Raven, Banshee  
  133  15:13  Battlecruiser  
  149  15:37  Liberator  
  149  15:41  Viking  
  151  15:55  Banshee  
  151  15:56  Battlecruiser  
  153  16:21  Battlecruiser  
  159  16:45  Battlecruiser  
  163  16:57  Battlecruiser  
  131  17:31  Battlecruiser  
  131  17:32  Battlecruiser  
  136  18:14  Battlecruiser  
  113  18:55  Battlecruiser  
  109  19:14  Command Center  
  109  19:23  Command Center  
  78  20:53  SCV x3  
  81  21:05  SCV x3  
  81  21:07  Battlecruiser x2  
  96  21:17  SCV x3  
  98  21:29  SCV x3  
  95  21:41  SCV x3  
  94  21:53  SCV  
  93  22:05  SCV  
  94  22:10  Refinery  
  94  22:11  Refinery  
  94  22:27  Planetary Fortress  
  85  22:53  Refinery  
  85  22:55  Refinery  
  73  23:07  Command Center  
  73  23:16  Command Center  
  73  23:17  Fusion Core  
  73  23:23  Supply Depot x3  
  72  23:27  Command Center, Supply Depot  
  72  23:32  Supply Depot x2  
  72  23:36  Starport Tech Lab  
  72  23:40  Supply Depot  
  62  24:16  Barracks  
Tags
 
Composition
Mech
Matchup
TvT
Opening
2 Factory
Race
Terran
Spawn Locations
Cross Positions
Add a new tag
Caveats
  • Supply blocks, unpowered buildings, or Contaminate may cause inaccurate times.
  • Supply counts are checked every 10 seconds.